 Dungeon Crawl Stone Soup version 0.29-a0-384-g6960b1960d (webtiles) character file.

Game seed: 7362579216522902060

2612 jimonade the Thaumaturge (level 9, -4/52 HPs)
             Began as a Deep Elf Conjurer on May 7, 2022.
             Slain by a killer bee (8 damage)
             ... on level 7 of the Dungeon.
             The game lasted 00:37:51 (9693 turns).

jimonade the Thaumaturge (Deep Elf Conjurer)        Turns: 9693, Time: 00:37:52

Health: -4/52      AC:  5    Str: 14    XL:     9   Next: 34%
Magic:  12/25      EV: 12    Int: 24    God:
Gold:   226        SH:  4    Dex: 13    Spells: 10/28 levels left

rFire   . . .      SeeInvis .   P - +2 spear (venom)
rCold   . . .      Faith    .   J - +1 buckler
rNeg    . . .      Spirit   .   a - +0 robe
rPois   +          Reflect  .   (no helmet)
rElec   .          Harm     .   (no cloak)
rCorr   .          Rampage  .   G - +2 pair of gloves {hurl}
Will    .....                   (no boots)
Stlth   ++........              (no amulet)
HPRegen 0.17/turn               z - ring of poison resistance
MPRegen 0.19/turn               I - +6 ring of strength

@: lethally poisoned (-4 -> -9)
A: no striking features
a: no special abilities


You were on level 7 of the Dungeon.
You visited 1 branch of the dungeon, and saw 7 of its levels.

You collected 226 gold pieces.

Inventory:

Hand Weapons
 g - a +2 dagger of freezing
 l - a +0 quarterstaff
 p - a +0 hunting sling
 w - a +1 hunting sling of freezing
 B - a +3 dagger of flaming
 E - a +2 great mace of protection
 P - a +2 spear of venom (weapon)
Missiles
 h - 244 stones
 K - a throwing net
Armour
 a - a +0 robe (worn)
 i - the +0 cloak "Acalyc" {rElec rC+ Int-4 Stlth+}
   (You found it on level 5 of the Dungeon)

   Int:       It affects your intelligence (-4).
   rC:        It protects you from cold.
   rElec:     It insulates you from electricity.
   Stlth:     It makes you more stealthy.
 y - a +0 chain mail
 C - a +0 leather armour
 D - a +0 tower shield
 G - a +2 pair of gloves of hurling (worn)
 J - a +1 buckler (worn)
Magical Staves
 q - a staff of cold
Jewellery
 n - a ring of protection from cold
 z - a ring of poison resistance (left hand)
 F - an amulet of the acrobat
 H - a ring of fire
 I - a +6 ring of strength (right hand)
Wands
 A - a wand of iceblast (7)
 L - a wand of mindburst (9)
Scrolls
 c - 2 scrolls of enchant weapon
 f - 3 scrolls of teleportation
 j - 2 scrolls of fog {unknown}
 o - a scroll of magic mapping
 x - a scroll of noise {unknown}
 M - 6 scrolls of identify
 N - a scroll of immolation {unknown}
Potions
 b - 3 potions of magic
 d - a potion of mutation
 e - 3 potions of flight {unknown}
 k - 3 potions of might
 m - a potion of haste {unknown}
 r - a potion of invisibility {unknown}
 s - 5 potions of curing
 t - a potion of cancellation {unknown}
 u - a potion of heal wounds {unknown}
 v - a potion of berserk rage {unknown}
 O - a potion of attraction {unknown}
 Q - a potion of brilliance {unknown}


   Skills:
 * Level 4.3 Fighting
 - Level 2.4 Dodging
 - Level 2.4 Stealth
 + Level 0.9 Shields
 + Level 10.1 Spellcasting
 + Level 9.4 Conjurations
 * Level 5.3 Hexes
 * Level 0.4 Translocations


You had 10 spell levels left.
You knew the following spells:

 Your Spells              Type           Power      Damage    Failure   Level
a - Magic Dart            Conj           100%       1d8       1%          1
b - Searing Ray           Conj           100%       2d8       1%          2
c - Dazzling Flash        Conj/Hex       94%        N/A       1%          3
d - Fulminant Prism       Conj/Hex       23%        3d13      3%          4
e - Iskenderun's Mystic   Conj/Tloc      35%        2d8       10%         4
f - Hailstorm             Conj/Ice       34%        3d9       11%         4

Your spell library contained the following spells:

 Spells                   Type           Power      Damage    Failure   Level
 Ice Form                 Ice/Tmut       12%        N/A       56%         4
 Simulacrum               Ice/Necr       6%         N/A       100%        6


Dungeon Overview and Level Annotations

Branches:
Dungeon (7/15)
 Temple: D:4-7

Altars:
Dithmenos
Fedhas
Gozag
Zin


Message History

The killer bee poisons you!
The killer bee stings you but does no damage.
The searing ray misses the killer bee.
You feel sick. The killer bee barely misses you.
You block the killer bee's attack. The killer bee misses you.
The killer bee closely misses you.
The searing ray hits the killer bee!
The killer bee is almost dead.
You feel sick. The killer bee stings you!
The killer bee stings you but does no damage.
The killer bee closely misses you. The killer bee stings you.
You are more poisoned.
The killer bee poisons you!
Casting: Searing Ray (safe; 1% risk of failure)
Confirm with . or Enter, or press ? or * to list all spells.
Restarting spell: Searing Ray (safe; 1% risk of failure)
Press: ? - help, Shift-Dir - straight line, f/p - killer bee
Aim: a killer bee (almost dead, 65% to hit)
The searing ray hits the killer bee.
You kill the killer bee! (Press . to maintain the ray.)
You feel very sick. The killer bee closely misses you.
The killer bee stings you.
Unknown command.
Casting: Searing Ray (safe; 1% risk of failure)
Confirm with . or Enter, or press ? or * to list all spells.
Restarting spell: Searing Ray (safe; 1% risk of failure)
Press: ? - help, Shift-Dir - straight line, f - killer bee
Aim: a killer bee (65% to hit)
The searing ray hits the killer bee!
The killer bee is severely wounded. (Press . to maintain the ray.)
You feel sick. The killer bee barely misses you. The killer bee stings you.
* * * LOW HITPOINT WARNING * * *
The searing ray misses the killer bee.
You feel sick. The killer bee barely misses you. The killer bee stings you.
* * * LOW HITPOINT WARNING * * *
The searing ray misses the killer bee.
* * * LOW HITPOINT WARNING * * *
You feel sick. The killer bee stings you!
You die...

#########
#.....†@#
#.#####y########
#........##
#.#..#.#..#
#............#
..####.####..#
#. ##.....##.##
....#.......#.#
. #.#.......#.#


You could see a killer bee.

Vanquished Creatures
  A yak (D:5)
  A water moccasin (D:6)
  An orc warrior (D:5)
  3 ice beasts
  2 ogres (D:5)
  A black bear (D:5)
  A centaur (D:6)
  4 necrophages
  4 scorpions (D:5)
  A gnoll sergeant (D:5)
  3 killer bees (D:7)
  2 howler monkeys (D:5)
  3 jellies
  7 hounds
  2 orc priests (D:5)
  A gnoll shaman (D:5)
  5 iguanas
  Ijyb (D:3)
  An orc wizard (D:5)
  11 gnolls
  10 adders
  3 ufetubi
  A worm (D:4)
  A dart slug (D:1)
  20 orcs
  5 bats
  7 endoplasms
  2 giant cockroaches
  11 goblins
  5 hobgoblins
  8 jackals (D:2)
  4 quokkas
  5 ball pythons
  5 frilled lizards
  6 kobolds
  2 rats
150 creatures vanquished.

Vanquished Creatures (others)
  32 fulminant prisms
32 creatures vanquished.

Grand Total: 182 creatures vanquished

Notes
Turn   | Place    | Note
-------+----------+-------------------------------------------
     0 | D:1      | jimonade the Deep Elf Conjurer began the quest for the Orb.
     0 | D:1      | Reached XP level 1. HP: 10/10 MP: 6/6
   458 | D:1      | Reached XP level 2. HP: 16/16 MP: 6/8
   545 | D:1      | Found a faded altar of an unknown god.
  1265 | D:1      | Reached skill level 5 in Conjurations
  1856 | D:2      | Reached XP level 3. HP: 13/20 MP: 1/9
  2249 | D:1      | Learned a level 2 spell: Searing Ray
  2274 | D:2      | You fall into a shaft and drop 2 floors!
  2278 | D:4      | Reached skill level 1 in Fighting
  2278 | D:4      | Reached XP level 4. HP: 25/25 MP: 6/11
  2625 | D:3      | Reached skill level 4 in Spellcasting
  3004 | D:1      | Learned a level 3 spell: Dazzling Flash
  3192 | D:2      | Learned a level 4 spell: Fulminant Prism
  3227 | D:2      | Reached XP level 5. HP: 27/29 MP: 6/13
  3672 | D:3      | Noticed Ijyb
  3680 | D:3      | Killed Ijyb
  4280 | D:4      | Reached skill level 5 in Spellcasting
  4711 | D:4      | Found a blossoming altar of Fedhas.
  5096 | D:5      | Entered Level 5 of the Dungeon
  5112 | D:5      | Noticed a black bear
  5182 | D:5      | Reached XP level 6. HP: 35/35 MP: 10/16
  5460 | D:5      | Reached skill level 6 in Spellcasting
  5465 | D:5      | Reached XP level 7. HP: 30/40 MP: 2/18
  5980 | D:5      | Reached skill level 7 in Spellcasting
  6118 | D:5      | Reached skill level 1 in Hexes
  6253 | D:5      | Reached XP level 8. HP: 40/46 MP: 10/21
  6324 | D:5      | Found an opulent altar of Gozag.
  6618 | D:5      | Reached skill level 8 in Spellcasting
  6927 | D:5      | Identified the +0 cloak "Acalyc" {rElec rC+ Int-4 Stlth+}
  7001 | D:5      | Learned a level 4 spell: Iskenderun's Mystic Blast
  7006 | D:5      | Learned a level 4 spell: Hailstorm
  7760 | D:5      | Reached skill level 9 in Spellcasting
  8265 | D:6      | Reached XP level 9. HP: 52/52 MP: 15/24
  8558 | D:6      | Found a shadowy altar of Dithmenos.
  9049 | D:6      | Reached skill level 10 in Spellcasting
  9307 | D:6      | Reached skill level 5 in Hexes
  9656 | D:7      | Found a glowing silver altar of Zin.
  9693 | D:7      | Slain by a killer bee

Illustrated notes

Levels and vault maps discovered:
D:1:      dpeg_arrival_another_circle, layout_loops_corners,
          chequers_ecumenical_altar_simple
D:2:      layout_rooms
D:3:      layout_rooms, uniq_ijyb
D:4:      layout_rooms, mainiacjoe_overflow_24_doors
D:5:      layout_basic, nicolae_overflow_hidden_temple, nzn_random_ring,
          uniq_eustachio
D:6:      layout_basic, mainiacjoe_overflow_alcove_1
D:7:      layout_basic, old_standard_altar, minmay_temple_entry_statues_pillars

Skill      XL: |  1  2  3  4  5  6  7  8  9 |
---------------+----------------------------+-----
Conjurations   | 5 6 7 8 9 |  9.4
Fighting       | 1 2 3 4 |  4.3
Spellcasting   | 4 5 6 7 9 10 | 10.1
Hexes          | 1 4 5 |  5.3
Dodging        | |  2.4
Stealth        | |  2.4
Shields        | |  0.9
Translocations | |  0.4

Action                   |  1- 3 |  4- 6 |  7- 9 || total
-------------------------+-------+-------+-------++-------
Melee: Whip              |     8 |     5 |     1 ||    14
 Cast: Magic Dart        |    61 |   101 |   102 ||   264
       Searing Ray       |     1 |    16 |    29 ||    46
       Fulminant Prism   |       |       |    32 ||    32
       Iskenderun's Myst |       |       |     1 ||     1
       Dazzling Flash    |       |       |     1 ||     1
  Use: Scroll            |       |     9 |       ||     9
Armor: Robe              |     4 |     7 |    10 ||    21
Dodge: Dodged            |    17 |    18 |    30 ||    65
Block: Buckler           |       |     4 |    10 ||    14

Table legend: (Time is in decaauts)
 A = Elapsed time spent in this place.
 B = Non-inter-level travel time spent in this place.
 C = Inter-level travel time spent in this place.
 D = Time resting spent in this place.
 E = Time spent auto-exploring this place.
 F = Levels seen in this place.
 G = Mean time per level.
                   A        B        C        D        E       F      G
               +--------+--------+--------+--------+--------+-----+--------+
         Total |   9706 |   9465 |    241 |   3057 |   4040 |   7 | 1386.6 |
       Dungeon |   9706 |   9465 |    241 |   3057 |   4040 |   7 | 1386.6 |
               +--------+--------+--------+--------+--------+-----+--------+

Top non-repeatable levels by time:
     D:5: 2614 daAuts
     D:1: 1913 daAuts
     D:6: 1461 daAuts
     D:3: 1244 daAuts
     D:4: 1182 daAuts
     D:2: 1157 daAuts
     D:7: 133 daAuts
